 Dungeon Crawl Stone Soup version 0.29-a0-1027-gcd8c55af63 (webtiles) character file.

Game seed: 8780333938139153514

224 ZappyNine the Ducker (level 6, -4/40 HPs)
             Began as a Djinni Fire Elementalist on Aug 12, 2022.
             Slain by a wight
             ... wielding a +3 morningstar
              (13 damage)
             ... on level 7 of the Dungeon.
             The game lasted 00:04:35 (3979 turns).

ZappyNine the Ducker (Djinni Fire Elementalist)     Turns: 3979, Time: 00:04:36

Health: -4/40      AC:  5    Str:  9    XL:     6   Next: 20%
Gold:   175        EV: 13    Int: 16    God:
                   SH:  0    Dex: 14

rFire   + + .      SeeInvis .   d - +0 dagger (venom)
rCold   x . .      Faith    .   (no shield)
rNeg    . . .      Spirit   .   a - +0 robe
rPois   ∞          Reflect  .   (no helmet)
rElec   .          Harm     .   u - +1 cloak
rCorr   .          Rampage  .   q - +0 pair of gloves
Will    .....                   (boots unavailable)
Stlth   ++........              (no amulet)
HPRegen 0.13/turn               (no ring)
MPRegen 0.00/turn               (no ring)

@: flying
A: sickness immunity, fire resistance 2, cold vulnerability 1, float, innate
caster, HP casting, extra vitality 1
a: no special abilities


You were on level 7 of the Dungeon.
You visited 1 branch of the dungeon, and saw 5 of its levels.

You collected 175 gold pieces.

Inventory:

Hand Weapons
 d - a +0 dagger of venom (weapon)
Missiles
 o - a throwing net
Armour
 a - a +0 robe (worn)
 n - the +3 leather armour of Eternal Night {Str+4}
   (You found it on level 2 of the Dungeon)

   Str:       It affects your strength (+4).
 q - a +0 pair of gloves (worn)
 u - a +1 cloak (worn)
Jewellery
 g - a ring of positive energy
Wands
 w - a wand of mindburst (14)
Scrolls
 c - a scroll of enchant armour
 e - a scroll of blinking {unknown}
 f - 2 scrolls of teleportation {unknown}
 i - a scroll of vulnerability {unknown}
 j - 3 scrolls of identify {unknown}
 l - a scroll of poison {unknown}
 p - a scroll of magic mapping {unknown}
 x - a scroll of silence {unknown}
Potions
 b - 4 potions of curing {unknown}
 h - a potion of brilliance {unknown}
 k - a potion of magic {unknown}
 m - 2 potions of ambrosia {unknown}
 r - a potion of attraction {unknown}
 s - 2 potions of mutation {unknown}
 t - 3 potions of cancellation {unknown}
 v - a potion of heal wounds {unknown}
 z - a potion of berserk rage {unknown}


   Skills:
 + Level 4.1 Dodging
 + Level 3.3 Stealth
 + Level 3.4 Spellcasting


You couldn't memorise any spells.
You knew the following spells:

 Your Spells              Type           Power      Damage    Failure   Level
a - Foxfire               Conj/Fire      52%        2x1d6     4%          1
b - Scorch                Fire           26%        2d6       6%          2
c - Conjure Flame         Conj/Fire      13%        6-21      13%         3
d - Inner Flame           Hex/Fire       13%        N/A       13%         3
e - Flame Wave            Conj/Fire      13%        2d6       38%         4
f - Necrotise             Necr           52%        1d6       4%          1
g - Ensorcelled Hibernat  Hex/Ice        26%        N/A       6%          2
Your spell library was empty.

Dungeon Overview and Level Annotations

Branches:
Dungeon (7/15)
 Temple: D:4-7

Altars:
Nemelex Xobeh

Shops:
D:3 ?


Innate Abilities, Weirdness & Mutations

You are immune to sickness and miasma.
You are immune to poison.
Your flesh is very heat resistant. (rF++)
You are vulnerable to cold. (rC-)
You float through the air rather than walking.
You learn spells naturally, not from books.
Your magical power is your life essence.
You have superior vitality. (+4 MHP)


Message History

Flames lash the jelly.
The jelly is burned terribly!
You kill the jelly!
Your Stealth skill increases to level 3!
Unknown command.
Casting: Scorch (safe; 7% risk of failure)
Confirm with . or Enter, or press ? or * to list all spells.
Flames lash the bullfrog.
The bullfrog is heavily wounded.
The bullfrog's fire resistance burns away.
The bullfrog barely misses you.
The bullfrog hits you but does no damage.
Casting: Scorch (safe; 7% risk of failure)
Confirm with . or Enter, or press ? or * to list all spells.
Flames lash the bullfrog.
The bullfrog is burned terribly!
The bullfrog is severely wounded.
The bullfrog hits you.
Unknown command.
Casting: Scorch (safe; 7% risk of failure)
Confirm with . or Enter, or press ? or * to list all spells.
Flames lash the bullfrog.
The bullfrog is burned terribly!
You kill the bullfrog!
Your Dodging skill increases to level 4!
You have reached level 6!
You now have 175 gold pieces (gained 9).
A wight comes into view. It is wielding a +3 morningstar.
A wight comes into view. It is wielding a +0 spear.
There are monsters nearby!
There are monsters nearby!
A wight comes into view. It is wielding a +0 hand axe.
The wight hits you from afar with a +0 spear.
The wight attacks as you move away!
The wight hits you with a +3 morningstar!
The wight attacks as you move away! The wight barely misses you.
A wight comes into view.
It is wielding a +3 hand axe of freezing.
The wight attacks as you move away!
The wight hits you with a +3 morningstar!
* * * LOW HITPOINT WARNING * * *
The wight attacks as you move away!
The wight hits you with a +3 morningstar!
You die...

... #. .....#
###.##.##.#####
#..........>..
#...#.###...#
#...........#
.[...z......###[#
#....z.zz@...#
#.......##.###
#.####.## .# z...
#.# .# ..##.#.
#.# .# #.
#....... ## # #..
.... #.. ..###
#.....#


You could see 4 wights.

Vanquished Creatures
  A bullfrog (D:7)
  A jelly (D:7)
  A hound (D:4)
  2 adders
  4 worms
  2 dart slugs
  7 bats
  11 endoplasms
  3 giant cockroaches
  6 goblins
  6 hobgoblins
  3 jackals (D:1)
  2 quokkas (D:3)
  4 ball pythons
  2 frilled lizards (D:2)
  6 kobolds
  10 rats
71 creatures vanquished.

Vanquished Creatures (others)
  99 foxfires
  2 plants (D:1)
101 creatures vanquished.

Grand Total: 172 creatures vanquished

Notes
Turn   | Place    | Note
-------+----------+-------------------------------------------
     0 | D:1      | ZappyNine the Djinni Fire Elementalist began the quest for
                  | the Orb.
     0 | D:1      | ZappyNine set off with the following spells memorised:
                  | Foxfire, Scorch, Conjure Flame, Inner Flame, Flame Wave.
     0 | D:1      | Reached XP level 1. HP: 15/15 MP: 0/0
   154 | D:1      | Reached XP level 2. HP: 3/21 MP: 0/0
   665 | D:1      | Reached XP level 3. HP: 10/25 MP: 0/0
   665 | D:1      | Learned a level 1 spell: Necrotise
  1447 | D:1      | Found a faded altar of an unknown god.
  1664 | D:2      | Reached skill level 3 in Dodging
  1664 | D:2      | Reached XP level 4. HP: 27/31 MP: 0/0
  2050 | D:2      | Found a sparkling altar of Nemelex Xobeh.
  2125 | D:2      | Identified the +3 leather armour of Eternal Night {Str+4}
  2910 | D:3      | Found Qesaic's Magic Scroll Emporium.
  3599 | D:4      | Reached XP level 5. HP: 18/35 MP: 0/0
  3599 | D:4      | Learned a level 2 spell: Ensorcelled Hibernation
  3959 | D:4      | You are sucked into a shaft and drop 3 floors!
  3964 | D:7      | Noticed a bullfrog
  3968 | D:7      | Killed a bullfrog
  3969 | D:7      | Reached skill level 4 in Dodging
  3969 | D:7      | Reached XP level 6. HP: 28/40 MP: 0/0
  3979 | D:7      | Slain by a wight

Illustrated notes

Levels and vault maps discovered:
D:1:      kennysheep_arrival_seaside, layout_rooms,
          shapermc_ecumenical_altar_mp_highgroup, serial_bayou_pond_d
D:2:      layout_loops_ring, basic_altar
D:3:      layout_basic, serial_shops, shop_statue, serial_bayou_pond_e
D:4:      nicolae_cairo_tiling_large, layout_cave_pools,
          makhleb_blood_cavern_becter, nicolae_sif_muna_condensation
D:7:      layout_loops_cross, nicolae_ru_path_of_blood,
          minmay_temple_entry_antechambers, the_hattery

Skill      XL: |  1  2  3  4  5 |
---------------+----------------+-----
Stealth        | 2 3 |  3.3
Dodging        | 3 4 |  4.1
Spellcasting   | 3 |  3.4

Action                   |  1- 3 |  4- 6 || total
-------------------------+-------+-------++-------
Melee: Dagger            |     4 |    10 ||    14
 Cast: Foxfire           |    39 |    20 ||    59
       Scorch            |    13 |    36 ||    49
       Necrotise         |     1 |       ||     1
  Use: Scroll            |       |     1 ||     1
 Stab: Sleeping          |       |     1 ||     1
Armor: Robe              |     4 |     9 ||    13
Dodge: Dodged            |    17 |    14 ||    31

Table legend: (Time is in decaauts)
 A = Elapsed time spent in this place.
 B = Non-inter-level travel time spent in this place.
 C = Inter-level travel time spent in this place.
 D = Time resting spent in this place.
 E = Time spent auto-exploring this place.
 F = Levels seen in this place.
 G = Mean time per level.
                   A        B        C        D        E       F      G
               +--------+--------+--------+--------+--------+-----+--------+
         Total |   3976 |   3936 |     40 |    754 |   2626 |   5 |  795.2 |
       Dungeon |   3976 |   3936 |     40 |    754 |   2626 |   5 |  795.2 |
               +--------+--------+--------+--------+--------+-----+--------+

Top non-repeatable levels by time:
     D:1: 1652 daAuts
     D:2: 1014 daAuts
     D:3: 840 daAuts
     D:4: 449 daAuts
     D:7: 19 daAuts
